 Dungeon Crawl Stone Soup version 0.31-a0-246-g8cbcc1cb85 (webtiles) character file.

Game seed: 7840803934720491499

18 HallandMoats the Trooper (level 2, -1/24 HPs)
             Began as a Demonspawn Fighter on July 12, 2023.
             Slain by a gnoll
             ... wielding a +0 whip
              (4 damage)
             ... on level 1 of the Dungeon.
             The game lasted 00:00:46 (563 turns).

HallandMoats the Trooper (Demonspawn Fighter)        Turns: 563, Time: 00:00:46

Health: -1/24      AC:  6    Str: 16    XL:     2   Next: 51%
Magic:  2/2        EV:  9    Int:  9    God:
Gold:   60         SH:  4    Dex: 12    Spells: 1/1 levels left

rFire   . .          .
                       - Unarmed
rCold   . . .        b - +0 buckler
rNeg    . . .        a - +0 scale mail
rPois   .            (no helmet)
rElec   .            (no cloak)
rCorr   .            (no gloves)
SInv    +            (no boots)
Will    .....        (no amulet) Stlth
                     f - ring of see invisible
HPRegen 0.24/turn    (no ring)
MPRegen 0.08/turn

%: no passive effects
@: no status effects
A: sturdy frame 1
a: no special abilities


You were on level 1 of the Dungeon.
You visited 1 branch of the dungeon, and saw 1 of its levels.

You collected 60 gold pieces.

Inventory:

Armour
 a - a +0 scale mail (worn)
 b - a +0 buckler (worn)
Jewellery
 f - a ring of see invisible (left hand)
Scrolls
 d - a scroll of teleportation {unknown}
 e - a scroll of identify {unknown}
Potions
 c - a potion of might


   Skills:
 * Level 3.3 Fighting
 - Level 2.6 Armour
 + Level 2.9 Shields
 * Level 2.2 Unarmed Combat


You had one spell level left.
You didn't know any spells.
Your spell library was empty.

Dungeon Overview and Level Annotations

Branches:
Dungeon (1/15)

Altars:


Innate Abilities, Weirdness & Mutations

Your movements are slightly less encumbered by armour. (ER -2)


Message History

The gnoll completely misses you.
You hit the gnoll.
The gnoll is heavily wounded.
The gnoll closely misses you.
You barely miss the gnoll.
The gnoll is heavily wounded.
You block the gnoll's attack.
You barely miss the gnoll.
The gnoll is heavily wounded.
The gnoll hits you but does no damage.
You hit the gnoll but do no damage.
The gnoll is heavily wounded.
You block the gnoll's attack.
You hit the gnoll.
The gnoll is heavily wounded.
The gnoll closely misses you.
You closely miss the gnoll.
The gnoll is heavily wounded.
The gnoll closely misses you.
You barely miss the gnoll.
The gnoll is heavily wounded.
The gnoll hits you with a +0 whip.
* * * LOW HITPOINT WARNING * * *
You barely miss the gnoll.
The gnoll is heavily wounded.
The gnoll hits you but does no damage.
You closely miss the gnoll.
The gnoll is heavily wounded.
You block the gnoll's attack.
You hit the gnoll but do no damage.
The gnoll is heavily wounded.
The gnoll barely misses you.
You barely miss the gnoll.
The gnoll is heavily wounded.
The gnoll hits you with a +0 whip.
* * * LOW HITPOINT WARNING * * *
You closely miss the gnoll.
The gnoll is heavily wounded.
The gnoll hits you with a +0 whip.
You die...

#####.#.##.# #.#
#.#....# #.# #.######
#.# #.# #.# #.# #.#
#.# #.# #.# #.#
#.#################.#
#....g@.............#
#####################


You could see a gnoll.

Vanquished Creatures
  A dart slug (D:1)
  An endoplasm (D:1)
  A hobgoblin (D:1)
  5 jackals (D:1)
  A quokka (D:1)
  2 ball pythons (D:1)
  A bat (D:1)
  A frilled lizard (D:1)
  2 kobolds (D:1)
15 creatures vanquished.

Notes
Turn   | Place    | Note
-------+----------+-------------------------------------------
     0 | D:1      | HallandMoats the Demonspawn Fighter began the quest for the
                  | Orb.
     0 | D:1      | Reached XP level 1. HP: 18/18 MP: 1/1
   305 | D:1      | Gained mutation: Your movements are slightly less
                  | encumbered by armour. (ER -2) [demonic ancestry]
   305 | D:1      | Reached XP level 2. HP: 20/24 MP: 2/2
   563 | D:1      | Slain by a gnoll

Illustrated notes

Levels and vault maps discovered:
D:1:      dpeg_arrival_renting, layout_basic, nicolae_the_louvre

Skill      XL: |  1 |
---------------+----+-----
Unarmed Combat | 2 |  2.2
Fighting       | |  3.3
Armour         | |  2.6
Shields        | |  2.9

Action                     || total
---------------------------++-------
  Melee: Unarmed           ||   124
 Armour: Scale mail        ||    55
  Dodge: Dodged            ||    55
  Block: Buckler           ||    34

Table legend: (Time is in decaauts)
 A = Elapsed time spent in this place.
 B = Non-inter-level travel time spent in this place.
 C = Inter-level travel time spent in this place.
 D = Time resting spent in this place.
 E = Time spent auto-exploring this place.
 F = Levels seen in this place.
 G = Mean time per level.
                   A        B        C        D        E       F      G
               +--------+--------+--------+--------+--------+-----+--------+
         Total |    563 |    563 |      0 |     35 |    318 |   1 |  563.0 |
       Dungeon |    563 |    563 |      0 |     35 |    318 |   1 |  563.0 |
               +--------+--------+--------+--------+--------+-----+--------+

Top non-repeatable levels by time:
     D:1: 563 daAuts
